 Dungeon Crawl Stone Soup version 0.28-a0-723-g095bd1b44f (webtiles) character file.

Game seed: 17179792150986755883

823 cheechan the Chopper (level 7, -5/67 HPs)
             Began as a Naga Fighter on Oct 25, 2021.
             Was an Initiate of Ashenzari.
             Splashed by a jelly's acid (6 damage)
             ... on level 5 of the Dungeon.
             The game lasted 00:15:39 (5163 turns).

cheechan the Chopper (Naga Fighter)                 Turns: 5163, Time: 00:15:40

Health: -5/67      AC: -10   Str: 21    XL:     7   Next: 96%
Magic:  7/7        EV:  6    Int:  8    God:    Ashenzari [......]
Gold:   227        SH: 13    Dex: 10    Spells: 6/6 levels left

rFire   x . .      SeeInvis +   z - +7 whip
rCold   + . .      Faith    .   s - +0 kite shield
rNeg    . . .      Spirit   .   b - +0 scale mail
rPois   +          Reflect  +   (no helmet)
rElec   .          Harm     .   (no cloak)
rCorr   .          Rampage  .   g - +2 pair of gloves of Toth-Mos's Legacy {Melee, Self} (curse)
Will    .....                   (no barding)
Stlth   ..........              p - amulet of reflection
HPRegen 0.21/turn               o - ring of ice
MPRegen 0.10/turn               (no ring)

@: corroded, very slow
A: AC +2, large, see invisible, deformed body, poison resistance, slowness 2,
spit poison 1, naga tail 1
a: Spit Poison, Renounce Religion, Shatter the Chains


You were on level 5 of the Dungeon.
You worshipped Ashenzari.
Ashenzari was noncommittal.
You visited 2 branches of the dungeon, and saw 6 of its levels.

You collected 227 gold pieces.

Inventory:

Hand Weapons
 a - a +1 war axe
 w - a +0 hand axe
 z - a +7 whip (weapon)
Missiles
 d - 18 sling bullets
 f - 11 poisoned darts
 h - 141 stones
 j - 5 datura-tipped darts
 k - 18 arrows
 t - a throwing net
 u - 6 boomerangs
 x - a boomerang of dispersal
Armour
 b - a +0 scale mail (worn)
 c - a +0 buckler
 g - the cursed +2 pair of gloves of Toth-Mos's Legacy (worn) {Melee, Self}
   (You found it on level 1 of the Dungeon)

   It has a curse which improves the following skills: Melee Combat: Short
   Blades, Long Blades, Axes, Maces & Flails, Polearms, Staves and Unarmed
   Combat.
   Introspection: Fighting and Spellcasting.
 s - a +0 kite shield (worn)
Jewellery
 e - an amulet of guardian spirit
 o - a ring of ice (left hand)
 p - an amulet of reflection (around neck)
Wands
 n - a wand of paralysis (13)
Scrolls
 l - 2 scrolls of identify
 q - a scroll of teleportation
 r - a scroll of noise
 y - a scroll of blinking
Potions
 i - a potion of heal wounds
 v - a potion of flight


   Skills:
 + Level 4.5(5.0) Fighting
 + Level 5.7(6.2) Axes
 + Level 4.2 Armour
 + Level 1.4 Dodging
 + Level 1.3 Stealth
 + Level 3.4 Shields


You had 6 spell levels left.
You didn't know any spells.
Your spell library was empty.

Dungeon Overview and Level Annotations

Branches:
Dungeon (5/15)             Temple (1/1) D:4

Altars:
Ashenzari
Dithmenos
Elyvilon
Kikubaaqudgha
Makhleb
Nemelex Xobeh
Okawaru
Vehumet
Xom
Yredelemnul
The Shining One

Shops:
D:1 !


Innate Abilities, Weirdness & Mutations

Your serpentine skin is tough. (AC +2)
You have supernaturally acute eyesight. (SInv)
Armour fits poorly on your strangely shaped body.
Your system is resistant to poisons. (rPois)
You cover ground very slowly.
You can spit poison.
You have a snake-like lower body.


Message History

The jelly hits you.
You are splashed with acid!
* * * LOW HITPOINT WARNING * * *
You are confused.
You feel invigorated. The jelly hits you.
* * * LOW HITPOINT WARNING * * *
The acid corrodes you!
You are splashed with acid!
* * * LOW HITPOINT WARNING * * *
You're too confused to move!
The jelly closely misses you.
You hit the jelly.
Your hands burn!
* * * LOW HITPOINT WARNING * * *
The jelly is severely wounded.
The jelly hits you.
You are splashed with acid!
* * * LOW HITPOINT WARNING * * *
The jelly jiggles.
The jelly hits you.
* * * LOW HITPOINT WARNING * * *
The acid corrodes you!
You are splashed with acid!
* * * LOW HITPOINT WARNING * * *
You bump into the rock wall.
You feel less invigorated.
You feel less confused. You block the jelly's attack.
Abil: Spit Poison
Press: ? - help, Q - select action, (/) - cycle Shift-Dir - straight line, f/p - jelly
Aim: a jelly (severely wounded)
The splash of poison hits the jelly.
The jelly is severely wounded.
You block the jelly's attack.
You hit the jelly but do no damage.
Your hands burn!
* * * LOW HITPOINT WARNING * * *
The jelly is severely wounded.
You block the jelly's attack.
Okay, then.
You hit the jelly but do no damage.
Your hands burn!
* * * LOW HITPOINT WARNING * * *
The jelly is severely wounded.
You have got your breath back.
The jelly hits you.
* * * LOW HITPOINT WARNING * * *
You are splashed with acid.
You die...

#### ... #.. ..##
.#..... ...#..
......# ###....
......### ###...#
........### #..J@.#
..........###...###
......##.###...## .
..........#..<.####..
................#...#
...###.....))........
..#####...))#)..#####
.##?..'....)...##
.##...'........#


You could see a jelly.

Vanquished Creatures
  A necrophage (D:4)
  A gnoll sergeant (D:5)
  A scorpion (D:4)
  A centaur zombie (D:4)
  4 hounds
  A gnoll shaman (D:5)
  2 orc priests
  A bullfrog skeleton (D:4)
  An orc wizard (D:4)
  19 gnolls
  5 adders
  A worm (D:3)
  A dart slug (D:1)
  9 orcs
  5 ball pythons
  6 endoplasms
  A giant cockroach (D:1)
  9 goblins
  7 hobgoblins
  2 jackals (D:5)
  3 quokkas
  10 bats
  A frilled lizard (D:3)
  8 kobolds
  4 rats
104 creatures vanquished.

Notes
Turn   | Place    | Note
-------+----------+-------------------------------------------
     0 | D:1      | cheechan the Naga Fighter began the quest for the Orb.
     0 | D:1      | Reached XP level 1. HP: 21/21 MP: 1/1
   632 | D:1      | Reached XP level 2. HP: 28/28 MP: 2/2
   692 | D:1      | Found Biske's Distillery.
   888 | D:1      | Found a faded altar of an unknown god.
  1115 | D:1      | Reached XP level 3. HP: 23/34 MP: 3/3
  1489 | D:2      | Reached XP level 4. HP: 37/43 MP: 4/4
  1570 | D:2      | Found an iron altar of Okawaru.
  1984 | D:3      | Found a transporter.
  2004 | D:3      | Reached skill level 3 in Axes
  2009 | D:3      | Reached XP level 5. HP: 22/50 MP: 5/5
  2347 | D:3      | Found a sparkling altar of Nemelex Xobeh.
  2556 | D:3      | Found a transporter.
  2600 | D:3      | Reached skill level 4 in Axes
  3198 | D:4      | Found a staircase to the Ecumenical Temple.
  3229 | D:4      | Reached XP level 6. HP: 35/57 MP: 6/6
  3349 | Temple   | Entered the Ecumenical Temple
  3399 | Temple   | Became a worshipper of Ashenzari the Shackled
  3790 | D:4      | Found a white marble altar of Elyvilon.
  3910 | D:4      | Reached skill level 1 in Dodging
  4271 | D:5      | Entered Level 5 of the Dungeon
  4277 | D:5      | Noticed a necrophage
  4285 | D:5      | Reached XP level 7. HP: 24/64 MP: 7/7
  4300 | D:4      | Reached skill level 5 in Axes
  4837 | D:5      | Reached skill level 1 in Stealth
  5163 | D:5      | HP: 3/67 [acid (5)]
  5163 | D:5      | HP: 1/67 [jelly (2)]
  5163 | D:5      | Splashed by a jelly's acid

Illustrated notes

Levels and vault maps discovered:
D:1:      dpeg_arrival_tiny_f, layout_basic, serial_shops, shop,
          chequers_ecumenical_altar_island, minmay_misc_feat_enclosed
D:2:      layout_basic, basic_altar, grunt_ministairs_6, minmay_strange_pillars
D:3:      gammafunk_wand_slinger, layout_rooms, nemelex_altar_shiori,
          minmay_liquid_box
D:4:      layout_basic, mainiacjoe_overflow_small_starburst,
          minmay_temple_entry_mist
D:5:      layout_cave_pools, cheibriados_altar_1, serial_gnoll_camp,
          gnoll_camp_mini_loothouse, gnoll_camp_mini_shop,
          gnoll_camp_mini_basic, grums_kennel, gnoll_camp_medium_02
Temple:   dpeg_three_leaves_temple

Skill      XL: |  1  2  3  4  5  6  7 |
---------------+----------------------+-----
Axes           | 3 4 5 |  5.7
Armour         | 3 4 |  4.2
Dodging        | 1 |  1.4
Fighting       | 4 |  4.5
Shields        | 3 |  3.4
Stealth        | 1 |  1.3

Action                   |  1- 3 |  4- 6 |  7- 9 || total
-------------------------+-------+-------+-------++-------
Melee: War axe           |    53 |   128 |    77 ||   258
       Whip              |       |       |    13 ||    13
Invok: Curse Item        |       |       |     1 ||     1
 Abil: Spit Poison       |     2 |    13 |     6 ||    21
  Use: Scroll            |     5 |     1 |       ||     6
       Potion            |       |     4 |     2 ||     6
Armor: Scale mail        |    57 |   112 |    43 ||   212
Dodge: Dodged            |    46 |    82 |    31 ||   159
Block: Buckler           |    12 |    61 |    29 ||   102
       Reflection        |       |     2 |     1 ||     3
       Kite shield       |       |       |    52 ||    52

Table legend: (Time is in decaauts)
 A = Elapsed time spent in this place.
 B = Non-inter-level travel time spent in this place.
 C = Inter-level travel time spent in this place.
 D = Time resting spent in this place.
 E = Time spent auto-exploring this place.
 F = Levels seen in this place.
 G = Mean time per level.
                   A        B        C        D        E       F      G
               +--------+--------+--------+--------+--------+-----+--------+
         Total |   6292 |   6276 |     16 |   2196 |      0 |   6 | 1048.7 |
       Dungeon |   6202 |   6186 |     16 |   2196 |      0 |   5 | 1240.4 |
        Temple |     89 |     89 |      0 |      0 |      0 |   1 |   89.0 |
               +--------+--------+--------+--------+--------+-----+--------+

Top non-repeatable levels by time:
     D:4: 1822 daAuts
     D:1: 1653 daAuts
     D:3: 1455 daAuts
     D:2: 828 daAuts
     D:5: 443 daAuts
  Temple: 89 daAuts
